 Dungeon Crawl Stone Soup version 0.19-a0-488-gf8766cc (console) character file.

3 HyperMorgan the Scratcher (level 1, -1/9 HPs)
             Began as a Felid Transmuter on June 4, 2016.
             Slain by a kobold
             ... wielding a +0 dagger
              (5 damage)
             ... on level 1 of the Dungeon.
             The game lasted 00:00:37 (46 turns).

HyperMorgan the Scratcher (Felid Transmuter)          Turns: 46, Time: 00:00:37

Health: -1/9       AC:  1    Str:  6    XL:     1   Next: 41%
Magic:  3/4        EV: 18    Int: 14    God:
Gold:   6          SH:  0    Dex: 16    Spells: 1 memorised, 3 levels left
                                        Lives:  0   Deaths: 0

rFire  . . .     SeeInvis +       - Unarmed
rCold  . . .     Gourm    .     (armour unavailable)
rNeg   . . .     Faith    .     (shield unavailable)
rPois  .         Spirit   .     (helmet unavailable)
rElec  .         Dismiss  .     (cloak unavailable)
rCorr  .         Reflect  .     (gloves unavailable)
SustAt .         Harm     .     (boots unavailable)
MR     .....                    (no amulet)
Stlth  ++........               (no ring)
                                (no ring)

@: appendage, quick, not resistant to hostile enchantments, unstealthy
A: no armour, no weapons or thrown items, claws 1, fangs 3, horns 2, see
invisible, carnivore 3, speed 1, shaggy fur 1, slow metabolism 1, sharp paws
a: End Transformation


You were on level 1 of the Dungeon.
You were not hungry.
You had grown temporary horns.
You visited 1 branch of the dungeon, and saw 1 of its levels.

You collected 6 gold pieces.

Inventory:

Missiles
 a - 12 arrows
Books
 b - a book of Changes

   Spells                             Type                      Level
   a - Beastly Appendage              Transmutation                1
   b - Sticks to Snakes               Transmutation                2
   c - Spider Form                    Transmutation/Poison         3
   d - Ice Form                       Ice/Transmutation            4
   e - Blade Hands                    Transmutation                5
Comestibles
 c - a meat ration


   Skills:
 - Level 1.0 Fighting
 - Level 2.6 Dodging
 * Level 3.2 Unarmed Combat
 - Level 2.0 Spellcasting
 + Level 2.2 Transmutations


You had 3 spell levels left.
You knew the following spells:

 Your Spells              Type           Power        Failure   Level  Hunger
a - Beastly Appendage     Tmut           #.....       12%         1    ##.....


Dungeon Overview and Level Annotations

Branches:
Dungeon (1/15)

Altars:


Innate Abilities, Weirdness & Mutations

You cannot wear armour.
You are incapable of wielding weapons or throwing items.
You have sharp claws.
You have razor-sharp teeth.
You have supernaturally acute eyesight. (SInv)
You are carnivorous and can eat meat at any time.
You cover ground quickly.
You are covered in fur. (AC +1)
You have a slow metabolism.
Your sharp claws are effective at attacking unaware monsters.
You have a pair of horns on your head.


Message History

You see here 6 gold pieces.
You now have 6 gold pieces.
A kobold and a dart slug come into view.
You pounce on the unaware helpless giant gecko!
You scratch the giant gecko.
You kill the giant gecko!
You start waiting.
You scratch the kobold but do no damage.
The kobold closely misses you.
You scratch the kobold but do no damage.
The kobold hits you with a dagger.
You scratch the kobold but do no damage.
The kobold closely misses you.
You closely miss the kobold. The kobold hits you with a dagger.
You barely miss the kobold. The kobold hits you with a dagger.
Casting: Beastly Appendage
Confirm with . or Enter, or press ? or * to list all spells.
You grow a pair of large bovine horns.
The kobold hits you with a dagger.
Ouch! That really hurt!
You die...

▒▒■▒∙▒▒▒▒ ▒▒▒
▒∙∙∙∙∙∙∙▒ ▒∙▒
▒∙∙∙∙∙∙∙▒▒▒▒▒∙▒▒▒▒▒▒
▒∙∙∙(∙∙∙∙∙∙∙∙∙∙∙∙∙∙<
▒(∙∙∙∙∙∙▒▒▒▒▒▒▒▒▒▒▒▒
▒▒▒▒▒▒∙∙∙∙∙∙∙∙∙∙∙∙∙∙
▒▒∙∙%∙∙∙∙∙∙∙∙∙▒▒▒▒▒▒▒
▒∙∙∙∙∙∙∙K∙∙∙∙∙∙∙∙▒
▒∙∙)∙∙∙∙▒h∙∙∙∙∙∙∙▒
▒■▒∙∙∙∙∙∙∙▒∙∙∙)∙∙∙∙▒
∙∙∙∙∙∙K∙▒▒▒▒▒■▒▒▒▒▒▒
∙∙∙∙w∙∙∙∙▒ ∙∙∙∙∙∙∙∙∙▒
∙∙∙∙∙∙∙∙∙▒ ▒∙▒∙∙▒▒▒∙▒
▒ ▒∙∙ ▒∙▒ ▒∙ ∙∙▒


You could see a kobold.

Vanquished Creatures
  A giant gecko (D:1)
  A kobold (D:1)
2 creatures vanquished.

Notes
Turn   | Place    | Note
--------------------------------------------------------------
     0 | D:1      | HyperMorgan the Felid Transmuter began the quest for the Orb.
     0 | D:1      | Reached XP level 1. HP: 9/9 MP: 4/4
    46 | D:1      | Slain by a kobold

Vault maps used:
D:1:      dpeg_arrival_water_altar, kennysheep_minor_cross,
          minmay_misc_feat_encased, st_stairs_3, solitary_fountain

Action                   || total
-------------------------++-------
Melee: Unarmed           ||    10
 Cast: Beastly Appendage ||     1
 Stab: Sleeping          ||     1
Dodge: Dodged            ||     5
